 Dungeon Crawl Stone Soup version 0.27-a0-1322-gfdffb62a71 (webtiles) character file.

Game seed: 16571327019202276406

296 snetch the Magician (level 6, -2/42 HPs)
             Began as a Djinni Fire Elementalist on June 22, 2021.
             Was a Believer of Qazlal.
             Slain by an ogre (22 damage)
             ... on level 4 of the Dungeon.
             The game lasted 00:12:11 (3959 turns).

snetch the Magician (Djinni Fire Elementalist)      Turns: 3959, Time: 00:12:11

Health: -2/42      AC:  4    Str:  7    XL:     6   Next: 61%
Gold:   107        EV: 12    Int: 18    God:    Qazlal [**....] SH:  2 Dex: 20

rFire    + + .     SeeInvis .   u - staff of air
rCold    x . .     Faith    .   (no shield)
rNeg     . . .     Spirit   .   w - +0 leather armour
rPois    ∞         Reflect  .   (no helmet)
rElec    +         Harm     .   (no cloak)
rCorr    .         Rampage  .   c - +0 pair of gloves
Will     .....                  (boots unavailable)
Stlth    ++........             (no amulet)
HPRegen  0.14/turn              r - +6 ring of dexterity
MPRegen  0.00/turn              (no ring)

@: flying
A: sickness immunity, fire resistance 2, cold vulnerability 1, float, innate
caster, hp casting, extra vitality 1
a: Renounce Religion, Upheaval


You were on level 4 of the Dungeon.
You worshipped Qazlal.
Qazlal was pleased with you.
You visited 1 branch of the dungeon, and saw 4 of its levels.

You collected 107 gold pieces.

Inventory:

Hand Weapons
 n - a +0 flail
 o - a +0 halberd
 q - a +0 short sword of speed
Missiles
 b - 47 arrows
 f - 78 stones
 j - 11 sling bullets
 s - 2 datura-tipped darts
Armour
 a - a +0 robe
 c - a +0 pair of gloves (worn)
 i - a +0 scale mail
 k - a +0 ring mail
 p - a +0 chain mail
 w - a +0 leather armour (worn)
Magical Staves
 u - a staff of air (weapon)
Jewellery
 r - a +6 ring of dexterity (left hand)
Scrolls
 d - a scroll of summoning {unknown}
 g - a scroll of acquirement {unknown}
 h - a scroll of noise {unknown}
 l - 2 scrolls of teleportation {unknown}
 m - a scroll of identify {unknown}
 t - 2 scrolls of fog {unknown}
 v - a scroll of immolation {unknown}
Potions
 e - a potion of haste {unknown}


   Skills:
 + Level 1.0 Fighting
 + Level 2.9 Dodging
 + Level 2.4 Stealth
 + Level 4.7 Spellcasting


You couldn't memorise any spells.
You knew the following spells:

 Your Spells              Type           Power      Damage    Failure   Level
a - Foxfire               Conj/Fire      84%        2x1d8     3%          1
b - Conjure Flame         Conj/Fire      21%        6-21      9%          3
c - Inner Flame           Hex/Fire       21%        N/A       9%          3
d - Sticky Flame          Conj/Fire      21%        2d4       28%         4
e - Fireball              Conj/Fire      10%        3d6       63%         5
f - Shock                 Conj/Air       100%       1d9       3%          1
g - Wereblood             Tmut           21%        N/A       4%          2
Your spell library was empty.

Dungeon Overview and Level Annotations

Branches:
Dungeon (4/15)
 Temple: D:4-7

Altars:
Qazlal

Shops:
D:1 [


Innate Abilities, Weirdness & Mutations

You are immune to sickness and miasma.
You are immune to poison.
Your flesh is very heat resistant. (rF++)
You are vulnerable to cold. (rC-)
You float through the air rather than walking.
You learn spells naturally, not from books.
Your magical power is your life essence.
You have superior vitality. (+4 HP)


Message History

The giant cockroach bites you but does no damage.
The giant cockroach closely misses you. The giant cockroach bites you.
You feel a surge of power!
The zap hits the giant cockroach.
The giant cockroach is moderately wounded.
You block the giant cockroach's attack.
The giant cockroach bites you but does no damage.
You feel a surge of power!
The zap hits the giant cockroach.
The giant cockroach is severely wounded.
The giant cockroach barely misses you.
You feel a surge of power!
The zap misses the giant cockroach.
The giant cockroach bites you.
You feel a surge of power!
You miscast Shock.
You are very lightly contaminated with residual magic.
Nothing appears to happen.
The giant cockroach bites you but does no damage.
You feel a surge of power!
The zap hits the giant cockroach.
You kill the giant cockroach!
Qazlal accepts your kill.
Your magical contamination has completely faded away.
You hear a shout!
The ogre closely misses you.
You hear the quick rusting of a distant drain.
You feel a surge of power!
The zap hits the ogre.
The ogre is lightly wounded.
The zap hits the ogre.
The ogre is moderately wounded.
The ogre hits you with a +0 giant spiked club!
Unknown command.
You are too injured to fight recklessly!
Aiming: Shock (safe; 3% risk of failure)
Press: ? - help, Q - select action, (/) - cycle Shift-Dir - straight line, f/p - ogre
Aim: an ogre, wielding a +0 giant spiked club (moderately wounded, 88% to hit)
You feel a surge of power!
The zap hits the ogre.
The ogre is moderately wounded.
The zap hits the ogre!
The ogre is heavily wounded.
The ogre hits you with a +0 giant spiked club!!
Ouch! That really hurt!
You die...

##.###..# #.#...#..........#.#
#.## ##<# #..................#
##.###..###...##........####.#
##.#.............#.###.# #.#
##.#..###.........# #.# #.#
###..###....#.#..# #.# #.#
#.......>......###.####.#
#.#####§..#.#.....^)..... #.#
#..O@......#####)##.. #.#
#.#○..####.# #...#. #.#
#.#........# #.#.#. #.#
#.#.#.####)# #.#... #.#
#...#.###..#####.#.#. #.#
##..#............#.#. #.#
#..#####.##.#####.## #.#
#..###.............. ##.##
#....#......#####.##


You could see an ogre.

Vanquished Creatures
  Eustachio (D:4)
  Terence (D:2)
  3 adders (D:2)
  5 gnolls (D:2)
  2 worms (D:2)
  2 dart slugs
  2 orcs
  6 ball pythons
  6 endoplasms
  4 giant cockroaches
  2 goblins (D:2)
  2 hobgoblins
  4 jackals (D:1)
  3 quokkas (D:2)
  3 bats
  5 frilled lizards
  4 kobolds
  5 rats
  A foxfire (D:2)
61 creatures vanquished.

Vanquished Creatures (collateral kills)
  A foxfire (D:1)
1 creature vanquished.

Vanquished Creatures (others)
  162 foxfires
  2 plants (D:1)
164 creatures vanquished.

Grand Total: 226 creatures vanquished

Notes
Turn   | Place    | Note
-------+----------+-------------------------------------------
     0 | D:1      | snetch the Djinni Fire Elementalist began the quest for the
                  | Orb.
     0 | D:1      | Reached XP level 1. HP: 15/15 MP: 0/0
   180 | D:1      | Reached XP level 2. HP: 19/21 MP: 0/0
   453 | D:1      | Found Nyarchog's Armour Shop.
   608 | D:1      | HP: 1/21 [jackal (2)]
   609 | D:1      | Reached skill level 3 in Spellcasting
   610 | D:1      | Reached XP level 3. HP: 2/25 MP: 0/0
   610 | D:1      | Learned a level 1 spell: Shock
  1572 | D:2      | Found a faded altar of an unknown god.
  1581 | D:2      | Became a worshipper of Qazlal Stormbringer
  1581 | D:2      | Reached * piety under Qazlal
  1698 | D:2      | Reached XP level 4. HP: 21/31 MP: 0/0
  1811 | D:2      | Noticed Terence
  1826 | D:2      | Killed Terence
  2326 | D:2      | Reached XP level 5. HP: 27/35 MP: 0/0
  2326 | D:2      | Learned a level 2 spell: Wereblood
  2716 | D:2      | Reached skill level 4 in Spellcasting
  3446 | D:4      | Reached ** piety under Qazlal
  3578 | D:4      | Noticed Eustachio
  3602 | D:4      | Killed Eustachio
  3603 | D:4      | Reached skill level 1 in Fighting
  3603 | D:4      | Reached XP level 6. HP: 8/42 MP: 0/0
  3896 | D:4      | Noticed an ogre
  3959 | D:4      | Slain by an ogre

Illustrated notes

Levels and vault maps discovered:
D:1:      denvon_arrival_planthouse, layout_loops_ring, serial_shops, shop,
          chequers_serial_rivers_micro_e
D:2:      layout_basic, shapermc_ecumenical_altar_totnotflames,
          roderic_lattice_a, minmay_divided_ellipse, uniq_terence
D:3:      layout_loops_corners, serial_shops, shop_fountains,
          nicolae_lakefront_shop, nicolae_shop_trees, nicolae_shop_crystal,
          shop, roderic_serpentine_path
D:4:      layout_loops_ring, gup_sewer_entry_bubbles, minmay_misc_feat_roman,
          uniq_eustachio, uniq_menkaure

Skill      XL: |  1  2  3  4  5 |
---------------+----------------+-----
Spellcasting   | 3 4 |  4.7
Stealth        | 2 |  2.4
Fighting       | 1 |  1.0
Dodging        | |  2.9

Action                   |  1- 3 |  4- 6 || total
-------------------------+-------+-------++-------
Melee: Unarmed           |     2 |       ||     2
 Cast: Foxfire           |    54 |    51 ||   105
       Shock             |       |    33 ||    33
Armor: Robe              |     9 |     7 ||    16
       Leather armour    |       |     3 ||     3
Dodge: Dodged            |    22 |    23 ||    45
Block: Other             |     1 |     1 ||     2

Table legend: (Time is in decaauts)
 A = Elapsed time spent in this place.
 B = Non-inter-level travel time spent in this place.
 C = Inter-level travel time spent in this place.
 D = Time resting spent in this place.
 E = Time spent auto-exploring this place.
 F = Levels seen in this place.
 G = Mean time per level.
                   A        B        C        D        E       F      G
               +--------+--------+--------+--------+--------+-----+--------+
         Total |   3964 |   3841 |    123 |      0 |   3174 |   4 |  991.0 |
       Dungeon |   3964 |   3841 |    123 |      0 |   3174 |   4 |  991.0 |
               +--------+--------+--------+--------+--------+-----+--------+

Top non-repeatable levels by time:
     D:2: 1760 daAuts
     D:1: 1545 daAuts
     D:4: 563 daAuts
     D:3: 94 daAuts
